TOP OF THE 1ST |
Florida State University Seminoles batting - Pitching for Coastal Carolina University Chanticleers : RHP Won-shik Yi
|
Pitching: RHP Won-shik Yi
|
|
Batting: SHB Jon Odle
|
0-0: Called Strike 0-1: Foul Ball, location: 2F 0-2: Ball 1-2: Foul Ball, location: 2F 1-2: Ball 2-2: Ground out U3 (Groundball, 3, EV 89.4 MPH)
|
Batting: LHB Brian Clayton
|
0-0: Ball 1-0: Called Strike 1-1: Swinging Strike 1-2: Strikes out swinging
|
Batting: RHB Tony Valdez
|
0-0: Ball 1-0: Ball 2-0: Called Strike 2-1: Ground out 3-1 (Groundball, 34, EV 86.9 MPH)
|
Top of the 1st over - 0 runs, 0 hits, 0 errors, 0 left on base; Florida State University 0 - Coastal Carolina University 0 |
BOTTOM OF THE 1ST |
Coastal Carolina University Chanticleers batting - Pitching for Florida State University Seminoles : RHP Pat Knapke
|
Pitching: RHP Pat Knapke
|
|
Batting: LHB Justin Sanders
|
0-0: Ball 1-0: Ball 2-0: Foul Ball, location: 2F 2-1: Ground out 4-3 (Groundball, 34D, EV 98.8 MPH)
|
Batting: RHB Tristan Williams
|
0-0: Swinging Strike 0-1: Ground out U3 (Groundball, 3, EV 83.1 MPH)
|
Batting: RHB Tristan Walsh
|
0-0: Called Strike 0-1: Ground out 5-3 (Groundball, 5, EV 89.4 MPH)
|
Bottom of the 1st over - 0 runs, 0 hits, 0 errors, 0 left on base; Florida State University 0 - Coastal Carolina University 0 |
TOP OF THE 2ND |
Florida State University Seminoles batting - Pitching for Coastal Carolina University Chanticleers : RHP Won-shik Yi
|
Batting: LHB John Doiron
|
0-0: Called Strike 0-1: Swinging Strike 0-2: Strikes out swinging
|
Batting: RHB George Smienk
|
0-0: Called Strike 0-1: Ground out 3-1 (Groundball, 34, EV 90.0 MPH)
|
Batting: LHB Jeff Shields
|
0-0: Ball 1-0: Foul Ball, location: 2F 1-1: Reached on error, E4 (Groundball, 4, EV 83.1 MPH)
|
Batting: RHB Julio Mendoza
|
0-0: Foul Ball, location: 2F 0-1: Called Strike 0-2: Ball 1-2: Strikes out looking
|
Top of the 2nd over - 0 runs, 0 hits, 1 error, 1 left on base; Florida State University 0 - Coastal Carolina University 0 |
BOTTOM OF THE 2ND |
Coastal Carolina University Chanticleers batting - Pitching for Florida State University Seminoles : RHP Pat Knapke
|
Batting: RHB Mark Tart
|
0-0: Ball 1-0: Ball 2-0: Swinging Strike 2-1: Swinging Strike 2-2: Strikes out swinging
|
Batting: LHB Tim Kirby
|
0-0: Called Strike 0-1: Called Strike 0-2: Strikes out looking
|
Batting: RHB Johnnie Cowan
|
0-0: Fly out, F8 (Flyball, 8LM, EV 86.9 MPH)
|
Bottom of the 2nd over - 0 runs, 0 hits, 0 errors, 0 left on base; Florida State University 0 - Coastal Carolina University 0 |
TOP OF THE 3RD |
Florida State University Seminoles batting - Pitching for Coastal Carolina University Chanticleers : RHP Won-shik Yi
|
Batting: SHB John Welsh
|
0-0: Called Strike 0-1: Ball 1-1: Called Strike 1-2: Foul Ball, location: 2F 1-2: Ball 2-2: Fly out, F8 (Flyball, 8LM, EV 89.4 MPH)
|
Batting: RHB J.R. Harvey
|
0-0: Ball 1-0: SINGLE (Groundball, 4, EV 95.6 MPH)
|
Batting: SHB Jon Odle
|
0-0: Ball J.R. Harvey is caught stealing 2nd base 2-6 1-0: SINGLE (Groundball, 23, EV 67.5 MPH) (infield hit)
|
Batting: LHB Brian Clayton
|
Pickoff Play to 1st, Runner tries for 2nd, OUT after rundown.
|
Top of the 3rd over - 0 runs, 2 hits, 0 errors, 0 left on base; Florida State University 0 - Coastal Carolina University 0 |
BOTTOM OF THE 3RD |
Coastal Carolina University Chanticleers batting - Pitching for Florida State University Seminoles : RHP Pat Knapke
|
Batting: SHB Iher Waithaka
|
0-0: Ball 1-0: Swinging Strike 1-1: Swinging Strike 1-2: Ball 2-2: Foul Ball, location: 2F 2-2: Ground out 6-3 (Groundball, 6, EV 88.8 MPH)
|
Batting: LHB Jason Melek
|
0-0: Foul Ball, location: 2F 0-1: Swinging Strike 0-2: Ball 1-2: Ball 2-2: Fly out, F7 (Flyball, 7, EV 79.4 MPH)
|
Batting: RHB Rene Napoles
|
0-0: Ball 1-0: Ball 2-0: Ball 3-0: Called Strike 3-1: Called Strike 3-2: Ground out U3 (Groundball, 3, EV 90.6 MPH)
|
Bottom of the 3rd over - 0 runs, 0 hits, 0 errors, 0 left on base; Florida State University 0 - Coastal Carolina University 0 |
TOP OF THE 4TH |
Florida State University Seminoles batting - Pitching for Coastal Carolina University Chanticleers : RHP Won-shik Yi
|
Batting: LHB Brian Clayton
|
0-0: Called Strike 0-1: Swinging Strike 0-2: Ball 1-2: Foul Ball, location: 2F 1-2: Strikes out looking
|
Batting: RHB Tony Valdez
|
0-0: Called Strike 0-1: Ball 1-1: Fly out, F9 (Flyball, 89M, EV 96.2 MPH)
|
Batting: LHB John Doiron
|
0-0: Called Strike 0-1: Ground out U3 (Groundball, 34, EV 86.2 MPH)
|
Top of the 4th over - 0 runs, 0 hits, 0 errors, 0 left on base; Florida State University 0 - Coastal Carolina University 0 |
BOTTOM OF THE 4TH |
Coastal Carolina University Chanticleers batting - Pitching for Florida State University Seminoles : RHP Pat Knapke
|
Batting: LHB Justin Sanders
|
0-0: Swinging Strike 0-1: Ball 1-1: Ball 2-1: Ball 3-1: Base on Balls
|
Batting: RHB Tristan Williams
|
0-0: Ball 1-0: Fly out, F9 (Flyball, 89M, EV 81.2 MPH)
|
Batting: RHB Tristan Walsh
|
0-0: Ball 1-0: Called Strike 1-1: Foul Ball, location: 2F Pickoff Throw to First - Out! 1-3 CS 1-2: Ball 2-2: Ground out 5-3 (Groundball, 5L, EV 82.5 MPH)
|
Bottom of the 4th over - 0 runs, 0 hits, 0 errors, 0 left on base; Florida State University 0 - Coastal Carolina University 0 |
TOP OF THE 5TH |
Florida State University Seminoles batting - Pitching for Coastal Carolina University Chanticleers : RHP Won-shik Yi
|
Batting: RHB George Smienk
|
0-0: Called Strike 0-1: Foul Ball, location: 2F 0-2: Ball 1-2: Strikes out swinging
|
Batting: LHB Jeff Shields
|
0-0: Called Strike 0-1: Swinging Strike 0-2: Foul Ball, location: 2F 0-2: Ball 1-2: Strikes out looking
|
Batting: RHB Julio Mendoza
|
0-0: Ball 1-0: Ground out 5-3 (Groundball, 5, EV 91.9 MPH)
|
Top of the 5th over - 0 runs, 0 hits, 0 errors, 0 left on base; Florida State University 0 - Coastal Carolina University 0 |
BOTTOM OF THE 5TH |
Coastal Carolina University Chanticleers batting - Pitching for Florida State University Seminoles : RHP Pat Knapke
|
Batting: RHB Mark Tart
|
0-0: Ball 1-0: Called Strike 1-1: Called Strike 1-2: Ball 2-2: Ball 3-2: Strikes out looking
|
Batting: LHB Tim Kirby
|
0-0: Ball 1-0: Called Strike 1-1: Swinging Strike 1-2: Strikes out swinging
|
Batting: RHB Johnnie Cowan
|
0-0: Ground out 5-3 (Groundball, 56, EV 98.1 MPH)
|
Bottom of the 5th over - 0 runs, 0 hits, 0 errors, 0 left on base; Florida State University 0 - Coastal Carolina University 0 |
TOP OF THE 6TH |
Florida State University Seminoles batting - Pitching for Coastal Carolina University Chanticleers : RHP Won-shik Yi
|
Batting: SHB John Welsh
|
0-0: Ball 1-0: Ball 2-0: Called Strike 2-1: Swinging Strike 2-2: Fly out, F9 (Flyball, 9D, EV 101.2 MPH)
|
Batting: RHB J.R. Harvey
|
0-0: Ball 1-0: Foul Ball, location: 2F 1-1: Fly out, F6 (Line Drive, 6, EV 73.1 MPH)
|
Batting: SHB Jon Odle
|
0-0: Foul Ball, location: 2F 0-1: Ball 1-1: Ball 2-1: Ball 3-1: Called Strike 3-2: Foul Ball, location: 2F 3-2: Base on Balls
|
Batting: LHB Brian Clayton
|
0-0: Called Strike Jon Odle steals 2nd base 0-1: Fly out, F8 (Flyball, 8LS, EV 89.4 MPH)
|
Top of the 6th over - 0 runs, 0 hits, 0 errors, 1 left on base; Florida State University 0 - Coastal Carolina University 0 |
BOTTOM OF THE 6TH |
Coastal Carolina University Chanticleers batting - Pitching for Florida State University Seminoles : RHP Pat Knapke
|
Batting: SHB Iher Waithaka
|
0-0: Called Strike 0-1: Ball 1-1: Ball 2-1: Foul Ball, location: 2F 2-2: Foul Ball, location: 2F 2-2: Ball 3-2: Strikes out swinging
|
Batting: LHB Jason Melek
|
0-0: Ball 1-0: Ball 2-0: Called Strike 2-1: Ground out 6-3 (Groundball, 6, EV 88.8 MPH)
|
Batting: RHB Rene Napoles
|
0-0: Called Strike 0-1: Called Strike 0-2: Ball 1-2: Strikes out swinging
|
Bottom of the 6th over - 0 runs, 0 hits, 0 errors, 0 left on base; Florida State University 0 - Coastal Carolina University 0 |
TOP OF THE 7TH |
Florida State University Seminoles batting - Pitching for Coastal Carolina University Chanticleers : RHP Won-shik Yi
|
Batting: RHB Tony Valdez
|
0-0: Foul Ball, location: 2F 0-1: Foul Ball, location: 2F 0-2: Ball 1-2: Strikes out swinging
|
Pitching: LHP David Medina
|
|
Batting: LHB John Doiron
|
0-0: Ball 1-0: Swinging Strike 1-1: Foul Ball, location: 2F 1-2: Ball 2-2: Strikes out swinging
|
Batting: RHB George Smienk
|
0-0: Swinging Strike 0-1: Ball 1-1: Ball 2-1: Swinging Strike 2-2: Ball 3-2: Foul Ball, location: 2F 3-2: Strikes out swinging
|
Top of the 7th over - 0 runs, 0 hits, 0 errors, 0 left on base; Florida State University 0 - Coastal Carolina University 0 |
BOTTOM OF THE 7TH |
Coastal Carolina University Chanticleers batting - Pitching for Florida State University Seminoles : RHP Pat Knapke
|
Batting: LHB Justin Sanders
|
0-0: Ball 1-0: Ground out 4-3 (Groundball, 4M, EV 81.2 MPH)
|
Batting: RHB Tristan Williams
|
0-0: Swinging Strike 0-1: Ball 1-1: Swinging Strike 1-2: Strikes out swinging
|
Batting: RHB Tristan Walsh
|
0-0: Fly out, F3 (Popup, 3S, EV 65.6 MPH)
|
Bottom of the 7th over - 0 runs, 0 hits, 0 errors, 0 left on base; Florida State University 0 - Coastal Carolina University 0 |
TOP OF THE 8TH |
Florida State University Seminoles batting - Pitching for Coastal Carolina University Chanticleers : LHP David Medina
|
Batting: LHB Jeff Shields
|
0-0: Called Strike 0-1: Foul Ball, location: 2F 0-2: Ball 1-2: Ball 2-2: Ball 3-2: Base on Balls
|
Batting: RHB Julio Mendoza
|
0-0: Sac Bunt to 13 - play at first, batter OUT! 1-3 Jeff Shields to second
|
Batting: SHB John Welsh
|
0-0: Intentional Walk
|
Batting: RHB J.R. Harvey
|
0-0: Ball 1-0: Ball 2-0: Fly out, F7 (Flyball, 78S, EV 82.5 MPH)
|
Batting: SHB Jon Odle
|
0-0: Ball 1-0: Called Strike 1-1: Ball 2-1: Ground out 4-3 (Groundball, 4, EV 80.0 MPH)
|
Top of the 8th over - 0 runs, 0 hits, 0 errors, 2 left on base; Florida State University 0 - Coastal Carolina University 0 |
BOTTOM OF THE 8TH |
Coastal Carolina University Chanticleers batting - Pitching for Florida State University Seminoles : RHP Pat Knapke
|
Batting: RHB Mark Tart
|
0-0: Ground out 6-3 (Groundball, 6, EV 103.8 MPH)
|
Batting: LHB Tim Kirby
|
0-0: Called Strike 0-1: Foul Ball, location: 2F 0-2: Ball 1-2: SINGLE (Groundball, 34D, EV 95.0 MPH)
|
Pitching: RHP Adam Todd
|
|
Batting: RHB Johnnie Cowan
|
0-0: Called Strike 0-1: Ball 1-1: Ball 2-1: Fly out, F7 (Flyball, 7LM, EV 99.4 MPH)
|
Batting: SHB Iher Waithaka
|
0-0: Swinging Strike 0-1: Ball Wild Pitch! Tim Kirby to second 1-1: Ground out 4-3 (Groundball, 4, EV 91.9 MPH)
|
Bottom of the 8th over - 0 runs, 1 hit, 0 errors, 1 left on base; Florida State University 0 - Coastal Carolina University 0 |
TOP OF THE 9TH |
Florida State University Seminoles batting - Pitching for Coastal Carolina University Chanticleers : LHP David Medina
|
Pitching: RHP Tetsuaki Nakamura
|
|
Batting: LHB Brian Clayton
|
0-0: Called Strike 0-1: Swinging Strike 0-2: Foul Ball, location: 2F 0-2: Ball 1-2: Foul Ball, location: 2F 1-2: Strikes out looking
|
Batting: RHB Tony Valdez
|
0-0: Foul Ball, location: 2F 0-1: Foul Ball, location: 2F 0-2: Strikes out looking
|
Batting: LHB John Doiron
|
0-0: Ball 1-0: Swinging Strike 1-1: Ball 2-1: Ball 3-1: Foul Ball, location: 2F 3-2: Strikes out swinging
|
Top of the 9th over - 0 runs, 0 hits, 0 errors, 0 left on base; Florida State University 0 - Coastal Carolina University 0 |
BOTTOM OF THE 9TH |
Coastal Carolina University Chanticleers batting - Pitching for Florida State University Seminoles : RHP Adam Todd
|
Pinch Hitting: RHB Pedro Delgado
|
0-0: Ball 1-0: Foul Ball, location: 3F, Error on foul ball, E3 1-1: Swinging Strike 1-2: Strikes out swinging
|
Batting: RHB Rene Napoles
|
0-0: Ball 1-0: Ball 2-0: Called Strike 2-1: Fly out, F3 (Line Drive, 4, EV 69.4 MPH)
|
Pinch Hitting: RHB Dennis Margolis
|
0-0: Ball 1-0: Ball 2-0: Ball 3-0: Base on Balls
|
Pinch Hitting: LHB Nate Kokx
|
0-0: Ground out U3 (Groundball, 23, EV 90.6 MPH)
|
Bottom of the 9th over - 0 runs, 0 hits, 1 error, 1 left on base; Florida State University 0 - Coastal Carolina University 0 |
TOP OF THE 10TH |
Florida State University Seminoles batting - Pitching for Coastal Carolina University Chanticleers : RHP Tetsuaki Nakamura
|
Now at C: Jeremy Stockwell
|
|
Now in LF: Nate Kokx
|
|
Now in RF: Chris McDaniel
|
|
Batting: RHB George Smienk
|
0-0: Ball 1-0: Called Strike 1-1: Ball 2-1: Foul Ball, location: 2F 2-2: Ball 3-2: Base on Balls
|
Batting: LHB Jeff Shields
|
0-0: Swinging Strike 0-1: Foul Ball, location: 2F 0-2: Ball 1-2: Ball 2-2: Strikes out swinging
|
Batting: LHB Hastings Miller
|
0-0: Ball 1-0: Foul Ball, location: 2F 1-1: DOUBLE (Line Drive, 7LD, EV 110.6 MPH) George Smienk to third
|
Batting: SHB John Welsh
|
0-0: Intentional Walk
|
Pinch Hitting: LHB Matt Stewart
|
0-0: Called Strike 0-1: Foul Ball, location: 2F 0-2: Strikes out swinging
|
Batting: SHB Jon Odle
|
0-0: Ball 1-0: Ball Wild Pitch! George Smienk scores Hastings Miller to third John Welsh to second 2-0: Called Strike 2-1: Ball 3-1: Called Strike 3-2: Strikes out swinging
|
Top of the 10th over - 1 run, 1 hit, 0 errors, 2 left on base; Florida State University 1 - Coastal Carolina University 0 |
BOTTOM OF THE 10TH |
Coastal Carolina University Chanticleers batting - Pitching for Florida State University Seminoles : RHP Adam Todd
|
Pitching: RHP Bobby Rodriquez
|
|
Now in RF: Matt Stewart
|
|
Batting: RHB Tristan Walsh
|
0-0: Swinging Strike 0-1: Called Strike 0-2: Strikes out swinging
|
Batting: RHB Mark Tart
|
0-0: Swinging Strike 0-1: Ball 1-1: Foul Ball, location: 2F 1-2: Strikes out swinging
|
Batting: LHB Tim Kirby
|
0-0: Swinging Strike 0-1: Ball 1-1: Swinging Strike 1-2: Foul Ball, location: 2F 1-2: Ball 2-2: Strikes out swinging
|
Bottom of the 10th over - 0 runs, 0 hits, 0 errors, 0 left on base; Florida State University 1 - Coastal Carolina University 0 |
|